 Dungeon Crawl Stone Soup version 0.29.1-13-g9f3cf754e1 (webtiles) character file.

Game seed: 8330282931653992157

132 promet the Ruffian (level 5, -2/19 (28) HPs)
             Began as a Vine Stalker Fighter on Jan 26, 2023.
             Slain by a gnoll
             ... wielding a +0 flail of draining
             ... led by a gnoll bouda
              (3 damage)
             ... on level 3 of the Dungeon.
             The game lasted 00:15:59 (3097 turns).

promet the Ruffian (Vine Stalker Fighter)           Turns: 3097, Time: 00:16:00

HP:   -2/19 (28)    AC:  7    Str: 19    XL:     5   Next: 15%
MP:   0/6           EV:  9    Int:  8    God:
Gold: 103           SH:  6    Dex: 15    Spells: 4/4 levels left

rFire   . . .      SeeInvis .     - Unarmed
rCold   . . .      Faith    .   b - +1 buckler
rNeg    . . .      Spirit   +   a - +0 scale mail
rPois   .          Reflect  .   (no helmet)
rElec   .          Harm     .   (no cloak)
rCorr   .          Rampage  .   (no gloves)
Will    .....                   l - +0 pair of boots
Stlth   ..........              (no amulet)
HPRegen 0.86/turn               (no ring)
MPRegen 0.10/turn               (no ring)

@: very heavily drained
A: fangs 2, regeneration 1, magic shield, antimagic bite, no potion heal 2
a: no special abilities


You were on level 3 of the Dungeon.
You visited 1 branch of the dungeon, and saw 3 of its levels.

You collected 103 gold pieces.

Inventory:

Hand Weapons
 n - a +3 short sword of speed
Missiles
 g - 3 atropa-tipped darts
 i - 3 poisoned darts
 o - 16 stones (quivered)
Armour
 a - a +0 scale mail (worn)
 b - a +1 buckler (worn)
 l - a +0 pair of boots (worn)
Jewellery
 f - a ring of willpower
 q - a ring of wizardry
Scrolls
 e - a scroll of silence
Potions
 c - 2 potions of might
 d - a potion of brilliance
 h - a potion of berserk rage
 j - 4 potions of curing
 m - a potion of heal wounds {unknown}


   Skills:
 + Level 3.1 Fighting
 + Level 2.9 Armour
 + Level 0.1 Dodging
 + Level 0.1 Stealth
 + Level 3.1 Shields
 * Level 3.9 Unarmed Combat


You had 4 spell levels left.
You didn't know any spells.
Your spell library contained the following spells:

 Spells                   Type           Power      Damage    Failure   Level
 Blink                    Tloc           0%         N/A       95%         2
 Manifold Assault         Tloc           0%         N/A       100%        5
 Storm Form               Tmut/Air       0%         N/A       100%        7


Dungeon Overview and Level Annotations

Branches:
Dungeon (3/15)

Altars:

Shops:
D:3 =


Innate Abilities, Weirdness & Mutations

You have extremely sharp teeth.
Your natural rate of healing is unusually fast.
When hurt, damage is shared between your health and your magic reserves.
Your bite disrupts and absorbs the magic of your enemies.
Potions cannot restore your health.


Message History

Your +2 short sword of speed glows red for a moment.
As you read the scroll labelled KISITO TASYFU, it crumbles to dust.
You feel strangely unstable.
It was a scroll of teleportation.
As you read the scroll labelled LIWNIYHYKU, it crumbles to dust.
It is a scroll of brand weapon.
Really abort (and waste the scroll)?
Okay, then.
Your surroundings suddenly seem different.
The gnoll shouts!
You hear a shout! x3
The gnoll shouts!
The gnoll hits you but does no damage.
You feel drained.
You closely miss the gnoll.
The gnoll hits you with a +0 flail of draining.
You feel drained.
You hit the gnoll.
The gnoll is moderately wounded.
The gnoll hits you with a +0 flail of draining.
You feel drained.
You hit the gnoll but do no damage. You bite the gnoll. You drain its power.
You feel invigorated.
The gnoll is heavily wounded.
The gnoll hits you with a +0 flail of draining.
You feel drained.
You hit the gnoll. You bite the gnoll, but do no damage.
The gnoll is almost dead.
The gnoll barely misses you.
You hit the gnoll but do no damage. You bite the gnoll, but do no damage.
The gnoll is almost dead.
The gnoll hits you but does no damage.
You feel drained.
The gnoll hits you from afar with a +0 halberd!
You closely miss the gnoll.
The gnoll is almost dead.
The gnoll hits you with a +0 flail of draining.
You feel drained. You block the gnoll's attack.
You hit the gnoll.
The gnoll is almost dead.
The gnoll hits you with a +0 flail of draining!
* * * LOW HITPOINT WARNING * * *
You feel drained.
You die...

#######.#........# #.#
#####.#...###.# #.#
#.††<...g####.#####.##
#.#######............#
#.# #............# #.#
#..##.#####..# #.#
#..##.# #..#
###.#######..##g#####..#
#............g.@##.....#
#.#.######..######.##..#
##...### #..# #.##..#
.......# #..# #.##..#
###.##.# #..# #.##..# #
#.##.# #..######.....#
###.##.####.............#
............#######..####
.............# #..#


You could see 2 gnolls.

Vanquished Creatures
  An orc wizard (D:3)
  A gnoll (D:3)
  3 adders
  2 dart slugs
  3 orcs (D:3)
  2 endoplasms
  5 goblins
  4 hobgoblins
  4 jackals (D:3)
  2 quokkas
  6 ball pythons
  13 bats
  6 frilled lizards
  5 kobolds
  5 rats
62 creatures vanquished.

Notes
Turn   | Place    | Note
-------+----------+-------------------------------------------
     0 | D:1      | promet the Vine Stalker Fighter began the quest for the
                  | Orb.
     0 | D:1      | Reached XP level 1. HP: 11/11 MP: 2/2
   195 | D:1      | Reached XP level 2. HP: 15/16 MP: 1/3
   735 | D:1      | Reached XP level 3. HP: 15/19 MP: 4/4
  1116 | D:1      | Found a faded altar of an unknown god.
  1848 | D:2      | Gained mutation: Your natural rate of healing is unusually
                  | fast. [Vine Stalker growth]
  1848 | D:2      | Reached XP level 4. HP: 23/23 MP: 5/5
  2543 | D:3      | Found Wabbea's Jewellery Shop.
  2633 | D:3      | Reached XP level 5. HP: 22/28 MP: 3/6
  3097 | D:3      | HP: 1/21 [gnoll/+0 flail of draining[a gnoll bouda] (8)]
  3097 | D:3      | Slain by a gnoll

Illustrated notes

Levels and vault maps discovered:
D:1:      sevenhm_arrival_forest_fort_large_4, layout_loops_corners,
          chequers_ecumenical_altar_island,
          wander_ebering_terrifying_dragon_lair
D:2:      layout_loops_ring, nrook_mini_backslash
D:3:      layout_loops_ring, serial_shops, nicolae_shop_behind_doors,
          minmay_crystal_room

Skill      XL: |  1  2  3  4 |
---------------+-------------+-----
Shields        | 3 |  3.1
Unarmed Combat | 3 |  3.9
Fighting       | 3 |  3.1
Armour         | |  2.9
Dodging        | |  0.1
Stealth        | |  0.1

Action                   |  1- 3 |  4- 6 || total
-------------------------+-------+-------++-------
Melee: Unarmed           |   123 |    75 ||   198
       Bite              |    29 |    14 ||    43
Throw: Dart              |       |     1 ||     1
  Use: Potion            |     2 |       ||     2
       Scroll            |     4 |     4 ||     8
Armor: Scale mail        |    52 |    32 ||    84
Dodge: Dodged            |    51 |    31 ||    82
Block: Buckler           |    46 |    19 ||    65
